AoeStats
← DeathPanther

Arena

508143841Analyzed
4v4 RM · 12d ago on Sep 21, 2026· 60m 9s· 8 players
Game mode
Random Map
Map size
Large (8 player)
Population
200
Speed
Normal
Resources
Standard
Victory
Conquest
Starting age
Dark Age
Ending age
Imperial Age
RankedLock teamsTeams togetherTeam positionsShared explorationLock speedFull tech treeHidden civsTurbo modeCheats
Victory
Defeat
🇺🇸 Wei · United States
961
+16
🇺🇸 Bohemians · United States
928
+17
🇺🇸 Italians · United States
870
+19
🇺🇸 Khmer · United States
852
+20
🇲🇽 Franks · Mexico
979
-19
🇺🇸 Huns · United States
948
-18
🇺🇸 Koreans · United States
934
-18
🇺🇸 Burgundians · United States
927
-17
Diesel_Dab
13:30 Feudal Age
12:19 Double-Bit Axe
12:28 Gold Mining
17:48 Castle Age
17:32 Bow Saw
17:14 Horse Collar
18:13 Gold Shaft Mining
21:22 Wheelbarrow
21:22 Loom
26:19 Heavy Plow
26:35 Scale Barding Armor
26:51 Husbandry
26:12 Cavalier
28:52 Chain Barding Armor
28:43 Forging
28:59 Hand Cart
29:23 Crop Rotation
29:58 Two-Man Saw
29:28 Stone Mining
30:36 Caravan
32:19 Stone Shaft Mining
32:23 Coinage
32:54 Iron Casting
32:10 Fletching
32:20 Padded Archer Armor
35:06 Imperial Age
33:54 Treadmill Crane
36:22 Plate Barding Armor
35:14 Paladin
36:58 Blast Furnace
39:05 Chemistry
38:35 Burgundian Vineyards
43:56 Ballistics
43:57 Bombard Tower
S-atansKrotch
0:28 Loom
11:15 Feudal Age
16:01 Castle Age
14:25 Double-Bit Axe
17:12 Bow Saw
18:45 Wheelbarrow
18:18 Horse Collar
22:37 Stone Mining
27:54 Pikeman
28:36 Squires
31:41 Heavy Plow
31:40 Fletching
32:03 Forging
32:57 Bodkin Arrow
33:04 Padded Archer Armor
33:04 Scale Mail Armor
33:13 Thumb Ring
35:21 Leather Archer Armor
46:33 Hand Cart
50:07 Imperial Age
48:30 Ballistics
53:24 Iron Casting
53:05 Chain Mail Armor
53:36 Halberdier
54:46 Parthian Tactics
56:00 Conscription
55:23 Heavy Cavalry Archer
59:17 Bracer
gduenasarana
10:22 Feudal Age
10:59 Horse Collar
11:05 Double-Bit Axe
18:00 Castle Age
16:19 Stone Mining
16:56 Gold Mining
19:11 Bow Saw
20:06 Heavy Plow
21:20 Town Watch
22:25 Gold Shaft Mining
26:43 Wheelbarrow
26:34 Loom
30:04 Imperial Age
27:52 Fletching
28:13 Scale Barding Armor
28:12 Husbandry
28:45 Ballistics
28:54 Hand Cart
29:05 Bodkin Arrow
29:51 Town Patrol
30:25 Masonry
33:51 Chain Barding Armor
34:12 Bracer
35:12 Elite War Wagon
37:05 Shinkichon
38:15 Forging
40:48 Chemistry
41:02 Siege Engineers
41:28 Architecture
47:41 Two-Man Saw
50:43 Light Cavalry
51:43 Capped Ram
52:54 Arrowslits
55:02 Hussar
56:43 Iron Casting
57:52 Scale Mail Armor
59:36 Chain Mail Armor
DeathPanther
0:49 Loom
2:38 Loom
12:02 Feudal Age
16:49 Castle Age
15:19 Double-Bit Axe
16:31 Gold Mining
18:21 Husbandry
23:22 Wheelbarrow
23:25 Fervor
23:46 Bow Saw
24:24 Gold Shaft Mining
23:40 Stone Mining
25:15 Hand Cart
34:15 Imperial Age
32:51 Scale Barding Armor
32:56 Forging
33:00 Caravan
34:44 Chain Barding Armor
35:00 Iron Casting
34:18 Cavalier
35:21 Conscription
35:53 Paladin
36:51 Chivalry
40:13 Heavy Scorpion
45:49 Chemistry
45:10 Ballistics
44:56 Siege Engineers
44:53 Murder Holes
lordgrometh
10:54 Feudal Age
15:27 Castle Age
14:14 Double-Bit Axe
14:10 Horse Collar
22:04 Loom
22:54 Wheelbarrow
24:23 Hand Cart
28:29 Treadmill Crane
32:45 Imperial Age
31:48 Chemistry
31:53 Wagenburg Tactics
32:52 Bow Saw
32:43 Heavy Plow
32:59 Houfnice
34:25 Conscription
34:25 Elite Hussite Wagon
36:08 Siege Engineers
36:26 Ballistics
42:29 Scale Mail Armor
42:39 Forging
43:34 Pikeman
44:14 Squires
55:10 Caravan
Skipperdoo
9:49 Feudal Age
11:20 Double-Bit Axe
11:30 Horse Collar
17:10 Castle Age
16:54 Wheelbarrow
16:28 Fletching
18:45 Bow Saw
18:36 Heavy Plow
18:45 Gold Mining
20:10 Gold Shaft Mining
22:47 Stone Mining
25:27 Hand Cart
25:32 Bodkin Arrow
25:37 Padded Archer Armor
26:12 Tuntian
30:05 Imperial Age
28:46 Forging
28:54 Leather Archer Armor
30:17 Scale Barding Armor
30:47 Iron Casting
30:50 Stone Shaft Mining
32:08 Chemistry
31:32 Fortified Wall
31:43 Ballistics
32:11 Parthian Tactics
32:57 Crop Rotation
32:47 Elite Tiger Cavalry
33:50 Conscription
35:04 Blast Furnace
34:24 Chain Barding Armor
36:10 Ming Guang Armor
37:10 Ming Guang Armor
37:41 Treadmill Crane
37:57 Murder Holes
38:24 Thumb Ring
38:23 Bracer
38:53 Ring Archer Armor
38:49 Loom
40:03 Husbandry
46:11 Bloodlines
45:22 Light Cavalry
47:58 Hussar
flank steak
7:29 Loom
10:36 Feudal Age
14:23 Castle Age
12:39 Double-Bit Axe
23:53 Horse Collar
26:34 Fletching
28:14 Tusk Swords
30:47 Bloodlines
30:38 Husbandry
31:26 Bow Saw
31:19 Heavy Plow
32:16 Gold Mining
32:53 Ballistics
37:20 Imperial Age
35:26 Wheelbarrow
34:54 Bodkin Arrow
34:59 Padded Archer Armor
40:22 Crop Rotation
42:33 Double Crossbow
43:32 Caravan
45:15 Elite Battle Elephant
45:29 Heavy Scorpion
47:40 Gold Shaft Mining
47:52 Hand Cart
48:44 Elite Ballista Elephant
56:27 Chemistry
55:28 Murder Holes
60:05 Bracer
60:16 Forging
60:12 Scale Barding Armor
60:23 Leather Archer Armor
Puff_Sullivan
10:39 Feudal Age
15:25 Castle Age
16:39 Double-Bit Axe
16:41 Horse Collar
20:03 Padded Archer Armor
20:03 Scale Mail Armor
20:36 Bow Saw
20:47 Fletching
22:40 Loom
22:54 Treadmill Crane
25:41 Squires
25:02 Pikeman
28:52 Bodkin Arrow
29:12 Leather Archer Armor
29:13 Chain Mail Armor
29:09 Forging
29:29 Ballistics
33:07 Imperial Age
35:58 Iron Casting
35:15 Arson
41:45 Conscription
41:58 Bracer
42:30 Plate Mail Armor
43:04 Blast Furnace
43:54 Conscription
48:31 Chemistry
48:01 Ballistics
48:22 Fortified Wall
48:36 Ballistics
50:00 Ring Archer Armor
59:04 Masonry
58:49 Murder Holes
58:56 Bracer
59:02 Scale Barding Armor
Connection lost

Rejoining the realm…

Still unreachable

The connection could not be restored.

Session expired

The server has moved on; the page needs a fresh start.